 Dungeon Crawl Stone Soup version 0.19-a0-1886-gd64a0f0 (webtiles) character file.

991 Minion the Slinger (level 8, -1/49 HPs)
             Began as a Halfling Hunter on Oct 15, 2016.
             Was an Initiate of Okawaru.
             Slain by Flanowski's ghost (7 damage)
             ... on level 5 of the Dungeon.
             The game lasted 00:14:21 (4540 turns).

Minion the Slinger (Halfling Hunter)                Turns: 4540, Time: 00:14:22

Health: -1/49      AC:  7    Str: 13    XL:     8   Next: 41%
Magic:  8/8        EV: 16    Int:  9    God:    Okawaru [......]
Gold:   220        SH:  0    Dex: 17    Spells: 0 memorised, 7 levels left

rFire  . . .     SeeInvis .     a - +1 hunting sling
rCold  . . .     Gourm    .     c - +0 leather armour
rNeg   . . .     Faith    .     (shield restricted)
rPois  .         Spirit   .     s - +0 helmet
rElec  .         Dismiss  .     x - +0 cloak (curse)
rCorr  .         Reflect  .     e - +0 pair of gloves
MR     .....     Harm     +     q - +0 pair of boots
Stlth  ++........               i - amulet of harm
                                (no ring)
                                (no ring)

@: no status effects
A: mutation resistance 1
a: Renounce Religion


You were on level 5 of the Dungeon.
You worshipped Okawaru.
Okawaru was noncommittal.
You were hungry.

You visited 1 branch of the dungeon, and saw 5 of its levels.

You collected 220 gold pieces.

Inventory:

Hand Weapons
 a - a +1 hunting sling (weapon)
 b - a +0 short sword
Missiles
 d - 10 sling bullets
 g - 181 stones (quivered)
Armour
 c - a +0 leather armour (worn)
 e - a +0 pair of gloves (worn)
 q - a +0 pair of boots (worn)
 s - a +0 helmet (worn)
 x - a cursed +0 cloak (worn)
Jewellery
 i - an amulet of harm (around neck)
 o - an uncursed amulet of rage {unknown}
Scrolls
 h - 3 scrolls of remove curse
 j - 4 scrolls of identify
 k - 2 scrolls of random uselessness {unknown}
 n - 3 scrolls of magic mapping {unknown}
 v - a scroll of enchant weapon {unknown}
 w - a scroll of fog {unknown}
 y - a scroll of recharging {unknown}
 A - a scroll of amnesia {unknown}
 B - 3 scrolls of enchant armour {unknown}
 C - 3 scrolls of teleportation {unknown}
 E - a scroll of immolation {unknown}
 F - a scroll of blinking {unknown}
Potions
 l - 2 potions of curing
 m - a potion of degeneration {unknown}
 p - 2 potions of agility {unknown}
 r - a potion of invisibility {unknown}
 t - a potion of cancellation {unknown}
 u - 3 potions of might {unknown}
 z - a potion of heal wounds {unknown}
 G - a potion of flight {unknown}
Comestibles
 f - 4 bread rations
 D - 3 meat rations
 H - a royal jelly


   Skills:
 - Level 1.7 Fighting
 + Level 13.1 Slings
 + Level 4.0 Dodging
 - Level 1.1 Stealth


You had 7 spell levels left.
You didn't know any spells.

Dungeon Overview and Level Annotations

Branches:
Dungeon (5/15)
 Temple: D:4-7

Altars:
Nemelex Xobeh
Okawaru

Annotations:
D:5 Flanowski's ghost, amateur CeHu


Innate Abilities, Weirdness & Mutations

You are small and have problems with some larger weapons.
You are somewhat resistant to further mutation.


Message History

The hound skeleton bites you but does no damage.
Firing (i - inventory. (,) - cycle):
g - 183 stones (quivered)
Press: ? - help, Shift-Dir - straight line, f/p - Flanowski's ghost
Aim: Flanowski's ghost (heavily damaged)
You shoot a stone. The stone hits Flanowski's ghost.
Flanowski's ghost is heavily damaged.
Flanowski's ghost hits you.
The hound skeleton bites you but does no damage.
Firing (i - inventory. (,) - cycle):
g - 182 stones (quivered)
Press: ? - help, Shift-Dir - straight line, f/p - Flanowski's ghost
Aim: Flanowski's ghost (heavily damaged)
You shoot a stone. The stone hits Flanowski's ghost.
Flanowski's ghost is severely damaged.
Flanowski's ghost hits you!
* * * LOW HITPOINT WARNING * * *
The hound skeleton bites you but does no damage.
Flanowski's ghost hits you.
* * * LOW HITPOINT WARNING * * *
Flanowski's ghost hits you.
You die...

#.(..(...... #.
#.(.(....... #.
#####...(....... ####.
..........##'# #....
........#†#..# #....
......(.#_#..# +....
.....(..#'#..# #....
....(...ZW...# #....
###(....##@..##.########'#.
#.....#.......#........#.
#.....#.......#.......†#.
#.....'.......#........#.
#.....#.......+........#.
#.....#.......#........#.
#)....#.......#........#.
#.....#'##...###..##...#.
###......#...####+####'##


You could see Flanowski's ghost and a hound skeleton.

Vanquished Creatures
  Eustachio (D:4)
  Purgy (D:3)
  An ogre (D:5)
  A phantom (D:5)
  2 scorpions
  2 hounds (D:5)
  A centaur skeleton (D:5)
  2 orc wizards (D:4)
  Natasha (thrice) (D:2)
  Ijyb (D:2)
  2 worker ants
  A killer bee zombie (D:5)
  6 adders
  2 oozes (D:2)
  4 worms
  2 dart slugs (D:2)
  2 leopard geckos
  7 orcs
  4 ball pythons
  7 giant cockroaches
  7 goblins
  9 hobgoblins
  2 jackals (D:5)
  10 kobolds
  3 quokkas
  8 bats
  7 frilled lizards
  9 rats
107 creatures vanquished.

Vanquished Creatures (others)
  A bat (D:1)
1 creature vanquished.

Grand Total: 108 creatures vanquished

Notes
Turn   | Place    | Note
-------+----------+-------------------------------------------
     0 | D:1      | Minion the Halfling Hunter began the quest for the Orb.
     0 | D:1      | Reached XP level 1. HP: 14/14 MP: 1/1
    32 | D:1      | Reached skill level 6 in Slings
    90 | D:1      | Reached XP level 2. HP: 19/19 MP: 2/2
   287 | D:1      | Found a sparkling altar of Nemelex Xobeh.
   635 | D:1      | Reached skill level 7 in Slings
   635 | D:1      | Reached XP level 3. HP: 24/24 MP: 3/3
   898 | D:2      | Noticed Ijyb
   903 | D:2      | Killed Ijyb
   903 | D:2      | Reached skill level 8 in Slings
   903 | D:2      | Reached XP level 4. HP: 29/29 MP: 4/4
  1281 | D:2      | Noticed Natasha
  1284 | D:2      | Killed Natasha
  1284 | D:2      | Reached XP level 5. HP: 34/34 MP: 5/5
  1505 | D:2      | Noticed Natasha
  1510 | D:2      | Killed Natasha
  1510 | D:2      | Reached skill level 9 in Slings
  1726 | D:2      | Noticed Natasha
  1731 | D:2      | Killed Natasha
  1864 | D:3      | Reached XP level 6. HP: 39/39 MP: 6/6
  2320 | D:3      | Reached skill level 10 in Slings
  2344 | D:3      | Noticed Purgy
  2371 | D:3      | Killed Purgy
  3099 | D:4      | Reached skill level 11 in Slings
  3099 | D:4      | Reached XP level 7. HP: 44/44 MP: 7/7
  3149 | D:4      | Noticed Eustachio
  3181 | D:4      | Killed Eustachio
  3181 | D:4      | Reached skill level 12 in Slings
  3662 | D:5      | Entered Level 5 of the Dungeon
  4107 | D:5      | Reached XP level 8. HP: 49/49 MP: 8/8
  4468 | D:5      | Reached skill level 13 in Slings
  4492 | D:5      | Found an iron altar of Okawaru.
  4510 | D:5      | Became a worshipper of Warmaster Okawaru
  4517 | D:5      | Noticed Flanowski's ghost (amateur CeHu)
  4540 | D:5      | Slain by Flanowski's ghost

Vault maps used:
D:1:      erik_arrival_cave_to_civilisation, nemelex_altar_shiori
D:2:      uniq_iyjb, uniq_natasha
D:3:      uniq_purgy
D:4:      uniq_eustachio
D:5:      kennysheep_mini, serial_shops, nicolae_shop_window_shopping,
          first_bread, uniq_blork_the_orc

Skill      XL: |  1  2  3  4  5  6  7  8 |
---------------+-------------------------+-----
Slings         | 6 7 8 9 11 12 13 | 13.1
Dodging        | 4 |  4.0
Fighting       | |  1.7
Stealth        | |  1.1

Action                   |  1- 3 |  4- 6 |  7- 9 || total
-------------------------+-------+-------+-------++-------
 Fire: Hunting sling     |    65 |   150 |   181 ||   396
  Use: Scroll            |       |     3 |       ||     3
  Eat: Chunk             |       |     3 |       ||     3
       Meat ration       |       |     1 |       ||     1
       Pizza             |       |     1 |       ||     1
Armor: Leather armour    |     8 |    13 |    23 ||    44
Dodge: Dodged            |     8 |    15 |    62 ||    85
